 Dungeon Crawl Stone Soup version 0.28.0-45-g0d030f2227 (webtiles) character file.

Game seed: 9176536730514568222

917 H0rd4k the Thaumaturge (level 7, -12/37 HPs)
             Began as a Deep Elf Hedge Wizard on Apr 8, 2022.
             Killed by divine providence
             ... invoked by an orc priest
              (15 damage)
             ... on level 5 of the Dungeon on Apr 11, 2022.
             The game lasted 00:06:50 (6314 turns).

H0rd4k the Thaumaturge (Deep Elf Hedge Wizard)      Turns: 6314, Time: 00:06:51

Health: -12/37     AC:  2    Str:  7    XL:     7   Next: 83%
Magic:  14/21      EV: 13    Int: 21    God:
Gold:   177        SH:  0    Dex: 12    Spells: 14/23 levels left

rFire   . . .      SeeInvis .   a - staff of death
rCold   + . .      Faith    .   (no shield)
rNeg    + . .      Spirit   .   b - +0 robe
rPois   .          Reflect  .   c - +0 hat
rElec   .          Harm     .   (no cloak)
rCorr   .          Rampage  .   (no gloves)
Will    .....                   (no boots)
Stlth   ++........              (no amulet)
HPRegen 0.12/turn               g - ring of protection from cold
MPRegen 0.17/turn               (no ring)

@: no status effects
A: clumsy 1
a: no special abilities


You were on level 5 of the Dungeon.
You visited 1 branch of the dungeon, and saw 5 of its levels.

You collected 177 gold pieces.

Inventory:

Hand Weapons
 m - a +1 rapier of electrocution
Armour
 b - a +0 robe (worn)
 c - a +0 hat (worn)
Magical Staves
 a - a staff of death (weapon)
Jewellery
 g - a ring of protection from cold (left hand)
Scrolls
 e - a scroll of vulnerability {unknown}
 f - 2 scrolls of amnesia
 h - a scroll of holy word {unknown}
 i - a scroll of acquirement {unknown}
 j - a scroll of teleportation {unknown}
 k - 3 scrolls of summoning {unknown}
 o - 2 scrolls of enchant armour {unknown}
Potions
 l - a potion of flight
 n - a potion of heal wounds
 p - a potion of lignification
 q - 3 potions of resistance
 r - 2 potions of attraction


   Skills:
 + Level 0.5 Fighting
 + Level 3.4 Dodging
 - Level 2.4 Stealth
 + Level 8.8 Spellcasting
 + Level 5.7 Conjurations
 + Level 1.2 Summonings
 + Level 2.1 Translocations
 + Level 2.0 Fire Magic
 + Level 1.5 Air Magic
 + Level 1.1 Poison Magic


You had 14 spell levels left.
You knew the following spells:

 Your Spells              Type           Power      Damage    Failure   Level
a - Magic Dart            Conj           100%       1d8       1%          1
b - Blink                 Tloc           36%        N/A       4%          2
c - Conjure Flame         Conj/Fire      25%        6-21      4%          3
d - Mephitic Cloud        Conj/Pois/Air  21%        N/A       7%          3

Your spell library contained the following spells:

 Spells                   Type           Power      Damage    Failure   Level
 Static Discharge         Conj/Air       24%        N/A       2%          2
 Call Imp                 Summ           14%        N/A       7%          2
 Slow                     Hex            36%        N/A       8%          1
 Inner Flame              Hex/Fire       13%        N/A       14%         3
 Sticky Flame             Conj/Fire      25%        2d5       16%         4
 Cause Fear               Hex            4%         N/A       58%         4
 Dispel Undead            Necr           13%        3d9       58%         4
 Petrify                  Tmut/Erth      9%         N/A       58%         4
 Metabolic Englaciation   Hex/Ice        4%         N/A       90%         5
 Statue Form              Tmut/Erth      6%         N/A       100%        6
 Discord                  Hex            4%         N/A       100%        8


Dungeon Overview and Level Annotations

Branches:
Dungeon (5/15)
 Temple: D:4-7

Altars:
Ashenzari
Hepliaklqana
Makhleb
Wu Jian
Xom

Annotations:
D:2 exclusions: 2 downstairs and necrophage
D:3 exclusion: downstairs
D:4 exclusion: downstairs


Innate Abilities, Weirdness & Mutations

You are clumsy. (Dex -2)


Message History

Found a short sword.
Found a stone staircase leading up.
An orc priest and an adder zombie come into view.
The magic dart hits the orc priest.
The orc priest is moderately wounded.
The orc priest shouts!
The magic dart hits the orc priest.
The orc priest is heavily wounded.
A water moccasin skeleton comes into view.
The water moccasin skeleton moves out of view.
The magic dart hits the orc priest.
The orc priest is severely wounded.
An orc priest comes into view.
It is wielding a +3 short sword of protection.
The magic dart hits the orc priest.
The orc priest is almost dead.
The orc priest shouts!
You hear a shout!
The orc priest calls upon Beogh to heal the orc priest.
The orc priest is healed somewhat.
The orc priest miscasts a cantrip.
The magic dart hits the orc priest.
The orc priest is almost dead.
The orc priest invokes the aid of Beogh against you.
Beogh smites you!
The orc priest invokes the aid of Beogh against you.
You struggle to resist.
The magic dart hits the adder zombie.
The adder zombie is moderately damaged.
The magic dart hits the adder zombie.
The adder zombie is heavily damaged.
The orc priest looks satisfied for a moment.
An orc priest comes into view. It is wielding a +0 club.
The adder zombie barely misses you.
The magic dart hits the adder zombie.
The adder zombie is almost destroyed.
The orc priest mumbles some strange prayers to Beogh against you.
Beogh smites you!
* * * LOW HITPOINT WARNING * * *
The orc priest mumbles some strange prayers to Beogh against you.
Beogh smites you!
You die...

### #.######### #
##....##...#.<##
##......#@......#
#.....##.Z......#
#......#...o)....
#####.........#......
##.............#......
#..†.<(........#...o..
##............## .....
..........##.....
....o
..........##.....


You could see 3 orc priests and an adder zombie.

Vanquished Creatures
  Sigmund (D:3)
  A necrophage (D:4)
  A black bear (D:4)
  2 ogres (D:4)
  A scorpion (D:4)
  A centaur skeleton (D:4)
  A hound (D:5)
  An orc priest (D:3)
  An iguana (D:4)
  6 gnolls
  7 adders
  A shadow imp (D:3)
  An adder skeleton (D:4)
  5 worms
  A dart slug (D:2)
  14 orcs
  5 endoplasms
  2 giant cockroaches
  6 goblins
  6 hobgoblins
  9 jackals
  3 quokkas
  3 ball pythons
  14 bats
  4 frilled lizards
  5 kobolds
  8 rats
110 creatures vanquished.

Notes
Turn   | Place    | Note
-------+----------+-------------------------------------------
     0 | D:1      | H0rd4k the Deep Elf Hedge Wizard began the quest for the
                  | Orb.
     0 | D:1      | Reached XP level 1. HP: 10/10 MP: 7/7
   595 | D:1      | Reached XP level 2. HP: 5/15 MP: 0/9
   756 | D:1      | Reached skill level 5 in Spellcasting
  1922 | D:2      | Reached XP level 3. HP: 19/19 MP: 7/11
  1925 | D:2      | Learned a level 2 spell: Blink
  1929 | D:2      | Learned a level 3 spell: Conjure Flame
  1933 | D:2      | Learned a level 3 spell: Mephitic Cloud
  2567 | D:2      | Reached XP level 4. HP: 24/24 MP: 8/13
  2984 | D:3      | Noticed a necrophage
  3026 | D:3      | Reached skill level 1 in Fire Magic
  3041 | D:3      | Found a broken altar of Ashenzari.
  3325 | D:3      | Noticed Sigmund
  3350 | D:3      | Gained mutation: You are clumsy. (Dex -2) [potion of
                  | mutation]
  3352 | D:3      | Killed Sigmund
  3353 | D:3      | Reached skill level 6 in Spellcasting
  3353 | D:3      | Reached skill level 1 in Air Magic
  3353 | D:3      | Reached skill level 1 in Poison Magic
  3353 | D:3      | Reached XP level 5. HP: 14/28 MP: 0/15
  3647 | D:3      | Reached XP level 6. HP: 31/31 MP: 12/17
  3974 | D:3      | Found a hazy altar of Hepliaklqana.
  4081 | D:3      | Found a burning altar of Makhleb.
  4495 | D:4      | Found a shimmering altar of Xom.
  4545 | D:4      | Reached skill level 7 in Spellcasting
  4624 | D:4      | Reached XP level 7. HP: 35/37 MP: 10/19
  4634 | D:4      | Reached skill level 5 in Conjurations
  5402 | D:4      | Reached skill level 8 in Spellcasting
  5688 | D:4      | Found an ornate altar of the Wu Jian Council.
  6025 | D:5      | Entered Level 5 of the Dungeon
  6314 | D:5      | Killed from afar by an orc priest

Illustrated notes

Levels and vault maps discovered:
D:1:      dpeg_arrival_stone_temple_mockup, layout_loops_corners,
          hangedman_decor_push, minivault_27
D:2:      layout_rooms, minmay_misc_feat_doors
D:3:      layout_rooms, lemuel_tele_altar, nzn_hepliaklqana_mist_gate,
          mainiacjoe_overflow_tiny_flanked, uniq_sigmund
D:4:      layout_loops_ring, lemuel_crystal_altar, nzn_wu_jian_council_hall,
          roderic_batcave, wad_orctagon
D:5:      layout_cave_pools, serial_shops, shop, minmay_misc_feat_ornament,
          corexii_hall_statues_x

Skill      XL: |  1  2  3  4  5  6  7 |
---------------+----------------------+-----
Spellcasting   | 5 6 7 8 |  8.8
Conjurations   | 2 3 4 5 |  5.7
Fire Magic     | 1 2 |  2.0
Dodging        | 3 |  3.4
Air Magic      | 1 |  1.5
Poison Magic   | 1 |  1.1
Translocations | 2 |  2.1
Fighting       | |  0.5
Stealth        | |  2.4
Summonings     | |  1.2

Action                   |  1- 3 |  4- 6 |  7- 9 || total
-------------------------+-------+-------+-------++-------
Melee: Dagger            |    20 |       |       ||    20
       Punch             |     1 |       |       ||     1
 Cast: Magic Dart        |   113 |   124 |   117 ||   354
       Conjure Flame     |       |     4 |     3 ||     7
       Mephitic Cloud    |       |     2 |     2 ||     4
       Blink             |       |     1 |     4 ||     5
  Use: Potion            |       |     1 |       ||     1
       Scroll            |       |       |     6 ||     6
Armor: Robe              |     2 |     6 |       ||     8
Dodge: Dodged            |    29 |    21 |    10 ||    60
